 Dungeon Crawl Stone Soup version 0.29-a0-275-g389c0b56f3 (webtiles) character file.

Game seed: 9903335077965836549

8 spaghetti the Skirmisher (level 2, -2/21 HPs)
             Began as an Octopode Chaos Knight on Mar 11, 2022.
             Was a Plaything of Xom.
             Slain by a goblin
             ... wielding a +0 club
              (5 damage)
             ... on level 1 of the Dungeon.
             The game lasted 00:00:34 (314 turns).

spaghetti the Skirmisher (Octopode Chaos Knight)     Turns: 314, Time: 00:00:35

Health: -2/21      AC:  1    Str: 11    XL:     2   Next: 8%
Magic:  2/2        EV: 13    Int: 14    God:    Xom [..*...]
Gold:   3          SH:  0    Dex: 11    Spells: 1/1 levels left

rFire   . . .      SeeInvis .   a - +0 mace (chaos) {mace}
rCold   . . .      Faith    .   (no shield)
rNeg    . . .      Spirit   .   (helmet restricted)
rPois   .          Reflect  .   d - amulet of the acrobat
rElec   .          Harm     .   (no ring)
rCorr   .          Rampage  .   (no ring)
Will    .....                   (no ring)
Stlth   ++........              (no ring)
HPRegen 0.07/turn               (no ring)
MPRegen 0.08/turn               (no ring)
                                (no ring)
                                (no ring)

@: no status effects
A: almost no armour, amphibious, 8 rings, camouflage 1, gelatinous body 1,
(nimble swimmer 1), tentacles
a: Renounce Religion


You were on level 1 of the Dungeon.
You worshipped Xom.
You were a toy of Xom.
You visited 1 branch of the dungeon, and saw 1 of its levels.

You collected 3 gold pieces.


Innate Abilities, Weirdness & Mutations

You cannot wear most types of armour.
You are amphibious.
You can wear up to eight rings at the same time.
Your skin changes colour to match your surroundings (Stealth+).
Your rubbery body absorbs attacks. (AC +1, EV +1)
((You are camouflaged when in or above water. (Stealth+)))
You have tentacles for arms and can constrict up to eight enemies at once.


   Skills:
 + Level 3.5 Fighting
 - Level 3.0 Maces & Flails
 - Level 2.3 Dodging


You had one spell level left.
You didn't know any spells.
Your spell library was empty.

Inventory:

Hand Weapons
 a - a +0 mace of chaos (weapon) {mace}
 f - a +1 dagger of venom {short}
   (You found it on level 1 of the Dungeon)
Missiles
 e - 23 stones {throwing}
Jewellery
 d - an amulet of the acrobat (around mantle)
   (You found it on level 1 of the Dungeon)
Potions
 c - a potion of curing {@q1}
Miscellaneous
 b - a piece from Xom's chessboard (15/15) (quivered)

Dungeon Overview and Level Annotations

Branches:
Dungeon (1/15)

Altars:

# #....§§§....#
..# #
#.#..§§§§##...#
#
#....§§§§##...#
# ####..§.§#
..... # #!...##
.. . #..))####
. .. #.......#
..#
#..#.g#.....
..# #..#.@#
.### ...
#.(#..# # #..
#......
########


You could see a goblin.


Message History

Unknown command.
Unknown command.
You hit the giant cockroach. You freeze the giant cockroach.
You grab the giant cockroach. You squeeze the giant cockroach.
You kill the giant cockroach!
You start resting.
Your surroundings suddenly seem different.
Unknown command.
Unknown command.
Unknown command.
Found a stone staircase leading down. 😎 HP[+2]
Your hp is fully restored (16).
You open the large door.
There is a large open door here.
You see here a +0 robe.
c - a glowing golden potion You see here a +0 robe.
e - 23 stones {throwing} Key pressed, stopping explore.
A goblin comes into view. It is wielding a +0 club.
A goblin is nearby!
The goblin completely misses you.
You closely miss the goblin. Your grab misses the goblin.
You squeeze the goblin.
The goblin hits you with a +0 club. 😮 HP[-5]
You take 5 damage, and now have 11/16 hp.
MASSIVE DAMAGE!! (PAUSE)
You closely miss the goblin. Your grab misses the goblin.
The goblin misses you. The goblin completely misses you.
You barely miss the goblin. Your grab misses the goblin.
Your squeeze misses the goblin. The goblin closely misses you.
You sock the goblin! You freeze the goblin.
You kill the goblin!
Found a stone staircase leading down.
You see here a +0 club {mace}.
Key pressed, stopping explore.
f - a scroll labelled GUUNTI JUORO 😎 HP[+5]
Your hp is fully restored (16).
g - a scroll labelled HALYDO NOIR
There is a stone staircase leading down here.
A goblin comes into view. It is wielding a +0 dagger.
A goblin is nearby!
As you read the scroll labelled HALYDO NOIR, it crumbles to dust.
The scroll dissolves into smoke.
It was a scroll of fog.
Unknown command.
As you read the scroll labelled GUUNTI JUORO, it crumbles to dust.
It is a scroll of identify.
c - a potion of curing Unknown command.
A quokka comes into view.
The goblin shouts!
You hear a shout!
A kobold comes into view. It is wielding a +0 dagger.
The goblin closely misses you.
The kobold shouts!
You hit the goblin. Your grab misses the goblin.
The goblin hits you with a +0 dagger. 😕 HP[-2]
You take 2 damage, and now have 14/16 hp.
You barely miss the goblin. You grab the goblin.
You squeeze the goblin, but do no damage.
You constrict the goblin.
You kill the goblin!
The quokka bites you. 😮 HP[-2]
You take 2 damage, and now have 12/16 hp.
You closely miss the kobold. Your grab misses the kobold.
The kobold hits you with a +0 dagger. The quokka bites you.
* * * LOW HITPOINT WARNING * * *
The kobold hits you with a +0 dagger.
* * * LOW HITPOINT WARNING * * *
A goblin comes into view. It is wielding a +0 club. 😨 HP[-7]
You take 7 damage, and now have 5/16 hp.
MASSIVE DAMAGE!! (PAUSE)
You hit the kobold.
The kobold is moving more slowly.
You grab the kobold.
You constrict the kobold, but do no damage.
The quokka completely misses you. The quokka closely misses you.
The kobold misses you.
You sock the quokka!
You kill the quokka!
You constrict the kobold, but do no damage.
The kobold hits you with a +0 dagger.
* * * LOW HITPOINT WARNING * * *
You have reached level 2! 😱 HP[-2] MP[+1]
You now have 21 max hp (+5).
Your mp is fully restored (2).
You hit the kobold.
The kobold seems to grow stronger.
You constrict the kobold.
You kill the kobold!
The goblin completely misses you.
Things that are here:
a +0 dagger {short}; a quokka corpse The goblin attacks as you move away!
The goblin closely misses you.
You see here a +1 dagger of venom {short}.
f - a +1 dagger of venom {short} The goblin hits you with a +0 club.
You die...
Xom yawns loudly!

Action                   || total
-------------------------++-------
Melee: Mace              ||    13
       Constrict         ||     4
       Tentacles         ||     4
  Use: Scroll            ||     4
Dodge: Dodged            ||    14

Levels and vault maps discovered:
D:1:      denvon_arrival_waterhouse, layout_basic, basic_ecumenical_altar,
          interstate_on_off, corexii_corridor_pit, minmay_tromino_i2

Notes
Turn   | Place    | Note
-------+----------+-------------------------------------------
     0 | D:1      | spaghetti the Octopode Chaos Knight began the quest for the
                  | Orb.
     0 | D:1      | Reached XP level 1. HP: 16/16 MP: 1/1
     0 | D:1      | magus.rc [v1.9.6]
    22 | D:1      | Found a faded altar of an unknown god.
   308 | D:1      | HP: 2/16 [kobold/+0 dagger (3)]
   309 | D:1      | Reached XP level 2. HP: 3/21 MP: 2/2
   314 | D:1      | Slain by a goblin

Vanquished Creatures
  A giant cockroach (D:1)
  2 goblins (D:1)
  A hobgoblin (D:1)
  A kobold (D:1)
  A quokka (D:1)
6 creatures vanquished.

Table legend:
 A = Non-vault XP
 B = Vault XP
 C = Vault XP percentage of total XP
 D = Non-vault monster count
 E = Vault monster count
 F = Vault count percentage of total count
                 A         B        C        D         E       F
            +---------+---------+-------+---------+---------+-------
      Total |       8 |       4 |  33.3 |       4 |       2 |  33.3
            +---------+---------+-------+---------+---------+-------
        D:1 |       8 |       4 |  33.3 |       4 |       2 |  33.3
            +---------+---------+-------+---------+---------+-------

Illustrated notes

Table legend:
 A = Kills in this place as a percentage of kills in entire the game.
 B = Kills by you in this place as a percentage of kills by you in the entire game.
 C = Kills by friends in this place as a percentage of kills by friends in the entire game.
 D = Other kills in this place as a percentage of other kills in the entire game.
 E = Experience gained in this place as a percentage of experience gained in the entire game.
 F = Experience gained in this place divided by the number of levels of this place that you have seen.
                   A       B       C       D       E      F
               +-------+-------+-------+-------+-------+----------------------
         Total | 100.0 | 100.0 |   N/A |   N/A | 100.0 |  12.0
       Dungeon | 100.0 | 100.0 |   N/A |   N/A | 100.0 |  12.0
               +-------+-------+-------+-------+-------+----------------------

Table legend: (Time is in decaauts)
 A = Elapsed time spent in this place.
 B = Non-inter-level travel time spent in this place.
 C = Inter-level travel time spent in this place.
 D = Time resting spent in this place.
 E = Time spent auto-exploring this place.
 F = Levels seen in this place.
 G = Mean time per level.
                   A        B        C        D        E       F      G
               +--------+--------+--------+--------+--------+-----+--------+
         Total |    316 |    316 |      0 |      0 |    268 |   1 |  316.0 |
       Dungeon |    316 |    316 |      0 |      0 |    268 |   1 |  316.0 |
               +--------+--------+--------+--------+--------+-----+--------+

Top non-repeatable levels by time:
     D:1: 316 daAuts
